 Dungeon Crawl Stone Soup version 0.29-a0-422-gafbd6decc1 (webtiles) character file.

Game seed: 371633829105396205

3 Sobieck the Grasshopper (level 1, -3/22 HPs)
             Began as an Ogre Warper on May 18, 2022.
             Slain by a gnoll
             ... wielding a +0 flail
              (5 damage)
             ... on level 1 of the Dungeon.
             The game lasted 00:01:33 (125 turns).

Sobieck the Grasshopper (Ogre Warper)                Turns: 125, Time: 00:01:34

Health: -3/22      AC:  3    Str: 14    XL:     1   Next: 50%
Magic:  3/3        EV:  9    Int: 14    God:
Gold:   0          SH:  0    Dex:  8    Spells: 4/4 levels left

rFire   . . .      SeeInvis .     - Unarmed
rCold   . . .      Faith    .   (no shield)
rNeg    . . .      Spirit   .   a - +0 robe
rPois   .          Reflect  .   (helmet restricted)
rElec   .          Harm     .   (no cloak)
rCorr   .          Rampage  .   (gloves unavailable)
Will    .....                   (boots unavailable)
Stlth   +.........              (no amulet)
HPRegen 0.07/turn               (no ring)
MPRegen 0.08/turn               (no ring)

@: no status effects
A: large, unfitting armour, tough skin 1
a: no special abilities


You were on level 1 of the Dungeon.
You visited 1 branch of the dungeon, and saw 2 of its levels.


Innate Abilities, Weirdness & Mutations

You are too large for most types of armour.
You have tough skin. (AC +1)


   Skills:
 - Level 2.6 Fighting
 - Level 1.0 Throwing
 - Level 2.1 Dodging
 + Level 2.1 Unarmed Combat
 - Level 2.4 Spellcasting
 - Level 2.6 Translocations


You had 4 spell levels left.
You didn't know any spells.
Your spell library contained the following spells:

 Spells                   Type           Power      Damage    Failure   Level
 Blink                    Tloc           18%        N/A       12%         2
 Gell's Gravitas          Tloc           9%         N/A       22%         3
 Lesser Beckoning         Tloc           9%         N/A       22%         3
 Teleport Other           Tloc           9%         N/A       22%         3
 Manifold Assault         Tloc           9%         N/A       91%         5

Inventory:

Hand Weapons
 d - a +0 whip {mace}
   (You took it off a kobold on level 1 of the Dungeon)
 f - a +0 hand axe {axe}
   (You found it on level 1 of the Dungeon)
Missiles
 c - 7 boomerangs of dispersal (quivered) {=f!fthrowing}
Armour
 a - a +0 robe (worn)
Scrolls
 b - a scroll of blinking {!r}
Potions
 e - a potion of cancellation {unknown}

Dungeon Overview and Level Annotations

Branches:
Dungeon (2/15)

Altars:

Annotations:
D:2 Natasha

#. #............#..#
#..#...†.......##.##
#..#..............#
#.##.............####
...................#
....#..#...........#
#.# #..........##..#
# #....####g##>.##
###..####@##.##
##....#..##.######
#................#
#.#......#.......#
..#..............#
#.###.....###......#
§.##...#..##..######
§§....♣♣.♣♣#.##
§§○.♣♣...♣..♣##


You could see a gnoll.


Message History

🤖 Initializing magus.rc ...
Options error: Bad monster_list_colour key: strict_neutral (~/.crawlrc:4811) Bad channel name for runrest: 'pray:' ✅ Successfully initialized magus_sobieck.rc [v0.0.2] Welcome, Sobieck the Ogre Warper.
Will you be the one to retrieve the transcendent Orb of Zot from the depths?
Press ? for a list of commands and other information.
Found a staircase leading out of the dungeon.
Unknown command.
There is a fountain of clear blue water here.
A kobold and an endoplasm come into view.
The endoplasm quivers.
Danger!
You barely miss the kobold. The kobold misses you.
You hit the kobold. You hit the kobold but do no damage.
The kobold hits you with a +0 whip.
You hit the kobold.
You kill the kobold!
d - a +0 whip {mace} Danger!
The endoplasm hits you but does no damage.
You hit the endoplasm. The endoplasm closely misses you.
You hit the endoplasm.
You kill the endoplasm!
Your Unarmed Combat skill increases to level 2!
You start resting.
Found a stone staircase leading down.
e - a golden potion
f - a +0 hand axe {axe}
There is a stone staircase leading down here.
You climb downwards.
The jackal barks!
Found a ring mail.
Found a faded altar of an unknown god.
Found an escape hatch in the ceiling.
Found a stone staircase leading up.
There is a stone staircase leading up here.
Danger!
The frilled lizard hisses angrily.
You climb upwards.
There is a stone staircase leading down here.
Unknown command.
A frilled lizard comes into view.
Danger!
There is a stone staircase leading down here.
Danger!
You hit the frilled lizard.
You kill the frilled lizard!
A rat comes into view.
Danger!
The rat bites you but does no damage.
You barely miss the rat. You punch the rat.
You kill the rat!
You see here a rat corpse.
Unknown command.
A gnoll comes into view. It is wielding a +0 flail.
The gnoll shouts!
Danger!
Danger!
Really fire
c - 7 boomerangs of dispersal {=f!fthrowing}?
Unknown command.
Unknown command.
You hit the gnoll but do no damage. The gnoll hits you with a +0 flail!
You hit the gnoll. The gnoll barely misses you.
You closely miss the gnoll.
Unknown command.
You closely miss the gnoll. The gnoll hits you with a +0 flail!
* * * LOW HITPOINT WARNING * * *
You hit the gnoll. The gnoll hits you with a +0 flail.
You die...

Skill      XL: |  1 |
---------------+----+-----
Unarmed Combat | 2 |  2.1
Fighting       | |  2.6
Throwing       | |  1.0
Dodging        | |  2.1
Spellcasting   | |  2.4
Translocations | |  2.6

Action                   || total
-------------------------++-------
Melee: Unarmed           ||    13
       Punch             ||     1
Armor: Robe              ||     2
Dodge: Dodged            ||     3

Levels and vault maps discovered:
D:1:      heliophobic_arrival_enchanted_forest, layout_rooms, minivault_14
D:2:      layout_basic, nicolae_ecumenical_pavilion, minmay_misc_feat_alley,
          uniq_sigmund, uniq_natasha

Notes
Turn   | Place    | Note
-------+----------+-------------------------------------------
     0 | D:1      | Sobieck the Ogre Warper began the quest for the Orb.
     0 | D:1      | Reached XP level 1. HP: 22/22 MP: 3/3
    33 | D:1      | Reached skill level 2 in Unarmed Combat
    64 | D:2      | Noticed Natasha
    64 | D:2      | Found a faded altar of an unknown god.
   124 | D:1      | HP: 2/22 [gnoll/+0 flail (10)]
   125 | D:1      | Slain by a gnoll

Vanquished Creatures
  An endoplasm (D:1)
  A frilled lizard (D:1)
  A kobold (D:1)
  A rat (D:1)
4 creatures vanquished.

Table legend:
 A = Non-vault XP
 B = Vault XP
 C = Vault XP percentage of total XP
 D = Non-vault monster count
 E = Vault monster count
 F = Vault count percentage of total count
                 A         B        C        D         E       F
            +---------+---------+-------+---------+---------+-------
      Total |       5 |       0 |   0.0 |       4 |       0 |   0.0
            +---------+---------+-------+---------+---------+-------
        D:1 |       5 |       0 |   0.0 |       4 |       0 |   0.0
            +---------+---------+-------+---------+---------+-------

Illustrated notes

Table legend:
 A = Kills in this place as a percentage of kills in entire the game.
 B = Kills by you in this place as a percentage of kills by you in the entire game.
 C = Kills by friends in this place as a percentage of kills by friends in the entire game.
 D = Other kills in this place as a percentage of other kills in the entire game.
 E = Experience gained in this place as a percentage of experience gained in the entire game.
 F = Experience gained in this place divided by the number of levels of this place that you have seen.
                   A       B       C       D       E      F
               +-------+-------+-------+-------+-------+----------------------
         Total | 100.0 | 100.0 |   N/A |   N/A | 100.0 |   2.5
       Dungeon | 100.0 | 100.0 |   N/A |   N/A | 100.0 |   2.5
               +-------+-------+-------+-------+-------+----------------------

Table legend: (Time is in decaauts)
 A = Elapsed time spent in this place.
 B = Non-inter-level travel time spent in this place.
 C = Inter-level travel time spent in this place.
 D = Time resting spent in this place.
 E = Time spent auto-exploring this place.
 F = Levels seen in this place.
 G = Mean time per level.
                   A        B        C        D        E       F      G
               +--------+--------+--------+--------+--------+-----+--------+
         Total |    124 |    124 |      0 |      9 |     27 |   2 |   62.0 |
       Dungeon |    124 |    124 |      0 |      9 |     27 |   2 |   62.0 |
               +--------+--------+--------+--------+--------+-----+--------+

Top non-repeatable levels by time:
     D:1: 122 daAuts
     D:2: 1 daAuts
